 Dungeon Crawl Stone Soup version 0.27-a0-909-g0721f309d1 (webtiles) character file.

Game seed: 3025408277655405970

34013 wakim the Nimble (level 13, 0/99 HPs)
             Began as a Djinni Conjurer on Apr 8, 2021.
             Was a High Priest of Nemelex Xobeh.
             Engulfed by a cloud of freezing vapour (22 damage)
             ... in an ice cave.
             The game lasted 00:54:44 (22750 turns).

wakim the Nimble (Djinni Conjurer)                 Turns: 22750, Time: 00:54:44

Health: 0/99       AC: 13    Str: 10    XL:     13   Next: 74%
Gold:   1204       EV: 21    Int: 29    God:    Nemelex Xobeh [*****.] SH: 12 Dex: 13

rFire    + + .     SeeInvis .   b - +2 whip "Demon's Demise" {freeze, Int+5}
rCold    x . .     Faith    .   m - +2 buckler
rNeg     . . .     Spirit   .   c - +0 robe
rPois    ∞         Reflect  +   l - +1 hat {Stlth+}
rElec    .         Harm     .   h - +0 cloak
rCorr    .         Rampage  .   C - +4 pair of gloves of Guarobog {Str+4}
Will     +....                  (boots unavailable)
Stlth    +++.......             e - amulet of reflection
HPRegen  0.26/turn              q - +4 ring of evasion
MPRegen  0.00/turn              i - +4 ring of protection

@: about to teleport, flying, studying Evocations
A: fire resistance 2, cold vulnerability 1, float, innate caster, hp casting,
extra vitality 1
a: Renounce Religion, Draw Escape, Draw Destruction, Draw Summoning, Triple
Draw, Deal Four, Stack Five


You were in an ice cave.
You worshipped Nemelex Xobeh.
Nemelex Xobeh was extremely pleased with you.
You visited 3 branches of the dungeon, and saw 17 of its levels.
You also visited: Ice Cave.

You collected 1204 gold pieces.

Inventory:

Hand Weapons
 a - a +0 rapier
 b - the +2 whip "Demon's Demise" (weapon) {freeze, Int+5}
   (You found it on level 3 of the Lair of Beasts)

   It has been specially enchanted to freeze those struck by it, causing extra
   injury to most foes and up to half again as much damage against particularly
   susceptible opponents.
   It can also slow down cold-blooded creatures.
   It affects your intelligence (+5).
Missiles
 k - a throwing net
 s - a curare-tipped dart
Armour
 c - a +0 robe (worn)
 h - a +0 cloak (worn)
 l - a +1 hat of stealth (worn)
 m - a +2 buckler (worn)
 C - the +4 pair of gloves of Guarobog (worn) {Str+4}
   (You found it on level 5 of the Lair of Beasts)

   It affects your strength (+4).
Jewellery
 e - an amulet of reflection (around neck)
 f - a ring of protection from fire
 i - a +4 ring of protection (right hand)
 q - a +4 ring of evasion (left hand)
 w - a ring of resist corrosion
Wands
 t - a wand of digging (4)
 u - a wand of mindburst (16)
 v - a wand of flame (28)
 x - a wand of iceblast (9)
 y - a wand of paralysis (8)
 z - a wand of polymorph (25)
Scrolls
 n - 6 scrolls of enchant weapon
 r - a scroll of acquirement
 R - 3 scrolls of magic mapping
 T - 2 scrolls of teleportation
 V - 3 scrolls of vulnerability
 X - a scroll of fog
Potions
 d - 2 potions of lignification {unknown}
 g - 2 potions of degeneration {unknown}
 j - 2 potions of magic {unknown}
 o - a potion of resistance {unknown}
 p - a potion of cancellation {unknown}
 A - 2 potions of ambrosia
 B - a potion of attraction {unknown}
 D - 5 potions of brilliance
 F - 7 potions of curing
 H - a potion of haste
 J - 2 potions of heal wounds
 N - 6 potions of might


   Skills:
 + Level 11.4 Fighting
 + Level 11.5 Dodging
 - Level 1.5 Stealth
 - Level 4.0 Shields
 * Level 10.7 Spellcasting
 + Level 9.4 Invocations
 - Level 8.0 Evocations


You couldn't memorise any spells.
You knew the following spells:

 Your Spells              Type           Power      Damage    Failure   Level
a - Magic Dart            Conj           100%       1d8       1%          1
b - Dazzling Flash        Conj/Hex       100%       N/A       1%          3
c - Call Imp              Summ           67%        N/A       1%          2
d - Lesser Beckoning      Tloc           33%        N/A       1%          3
e - Summon Forest         Summ/Tloc      33%        N/A       1%          5
f - Cause Fear            Hex            33%        N/A       1%          4
g - Bolt of Magma         Conj/Fire/Erth 33%        4d15      1%          5
s - Searing Ray           Conj           100%       3d7       1%          2
u - Animate Skeleton      Necr           100%       N/A       1%          1
x - Iskenderun's Mystic   Conj/Tloc      67%        2d14      1%          4
z - Fulminant Prism       Conj/Hex       33%        3d16      1%          4
Your spell library was empty.

Dungeon Overview and Level Annotations

Branches:
Dungeon (11/15)            Temple (1/1) D:5            Lair (5/6) D:9
  Swamp (0/4) Lair:3        Snake (0/4) Lair:3          Orc (0/2) D:9
  IceCv (1/1)
  Slime: Lair:5-6

Altars:
Ashenzari
Cheibriados
Dithmenos
Elyvilon
Fedhas
Gozag
Hepliaklqana
Kikubaaqudgha
Makhleb
Nemelex Xobeh
Okawaru
Qazlal
Ru
Sif Muna
Trog
Uskayaw
Vehumet
Wu Jian
Xom
Yredelemnul
Zin
The Shining One

Shops:
D:2 !   D:9 [(

Annotations:
D:11 2 transporters, exclusion: orange crystal statue


Innate Abilities, Weirdness & Mutations

You are immune to poison.
Your flesh is very heat resistant. (rF++)
You are vulnerable to cold. (rC-)
You float through the air rather than walking.
You learn spells naturally, not from books.
Your magical power is your life essence.
You have superior vitality. (+4 HP)


Message History

Confirm with . or Enter, or press ? or * to list all spells.
Aiming: Bolt of Magma (dangerous; 1% risk of failure)
Press: ? - help, Shift-Dir - straight line, f - ice devil
Aim: an ice devil (wandering, hasn't noticed you, 29% to evade)
The bolt of magma hits the ice devil!!
The ice devil is burned terribly!
The ice devil is heavily wounded.
Unknown command.
Casting: Bolt of Magma (dangerous; 1% risk of failure)
Confirm with . or Enter, or press ? or * to list all spells.
Aiming: Bolt of Magma (dangerous; 1% risk of failure)
Press: ? - help, Shift-Dir - straight line, f/p - ice devil
Aim: an ice devil (heavily wounded, 29% to evade)
The bolt of magma misses the ice devil.
Casting: Bolt of Magma (dangerous; 1% risk of failure)
Confirm with . or Enter, or press ? or * to list all spells.
Aiming: Bolt of Magma (dangerous; 1% risk of failure)
Press: ? - help, Shift-Dir - straight line, f/p - ice devil
Aim: an ice devil (heavily wounded, 29% to evade)
The bolt of magma hits the ice devil!
The ice devil is burned terribly!
The ice devil is severely wounded.
Casting: Bolt of Magma (dangerous; 1% risk of failure)
Confirm with . or Enter, or press ? or * to list all spells.
Aiming: Bolt of Magma (dangerous; 1% risk of failure)
Press: ? - help, Shift-Dir - straight line, f/p - ice devil
Aim: an ice devil (severely wounded, 29% to evade)
The bolt of magma hits the ice devil!!
The ice devil is burned terribly!
You kill the ice devil!
You are engulfed in freezing vapours.
You are engulfed in freezing vapours.
* * * LOW HITPOINT WARNING * * *
You are engulfed in freezing vapours.
* * * LOW HITPOINT WARNING * * *
Okay, then.
Okay, then.
As you read the scroll of teleportation, it crumbles to dust.
You feel strangely unstable.
You are engulfed in freezing vapours.
* * * LOW HITPOINT WARNING * * *
You feel much better.
You are engulfed in freezing vapours.
You die...
Your body glows with a rainbow of weird colours and disappears.

### ##.## #### ##...##
##..## ##.§☼§§#
#....## #§§§§§§##
##..#..## ##§§○☼..☼#
##.###...# #§§§☼§§§≈#
#..####..###§§○☼@°.##
#..#≈)##..#.☼§§☼#○#§.#
..##..)##.§☼○§§##§# #
..#....##....### .#
.##....###..☼# .§
.#....## #...# .§
.##.#.## #...# ###
..###..# #.....
..##...# #..#..§


There were no monsters in sight!

Vanquished Creatures
  Gastronok (D:9)
  Snorg (D:11)
  3 death yaks (Lair:2)
  4 two-headed ogres
  A bog body (Lair:3)
  3 oklob plants (Lair:3)
  2 black mambas (Lair:3)
  2 ice statues (IceCv)
  6 cane toads
  A kobold demonologist (D:9)
  2 komodo dragons
  5 rime drakes
  9 ice devils (IceCv)
  A polar bear (Lair:3)
  23 blink frogs
  Sigmund (D:5)
  2 shadows
  38 yaks
  A wyvern (D:7)
  2 basilisks
  3 steam dragons
  Edmund (D:4)
  Menkaure (D:6)
  2 wargs (D:9)
  An acid dragon (D:11)
  3 nagas (Lair:3)
  2 black bears
  10 water moccasins
  2 orc warriors (D:9)
  An ice beast (D:6)
  2 necrophages (D:6)
  3 wolves (Lair:4)
  2 ogres (D:4)
  2 phantoms
  8 centaurs
  A kobold brigand (D:8)
  8 bullfrogs
  2 scorpions
  A water moccasin zombie (D:6)
  3 killer bees (D:11)
  7 wights
  3 howler monkeys (D:10)
  3 electric eels (D:6)
  2 bullfrog zombies (D:5)
  4 hounds
  Crazy Yiuf (D:4)
  4 centaur zombies
  4 orc priests
  A gnoll shaman (D:5)
  A jelly (D:8)
  2 centaur skeletons (D:7)
  4 hell rats (Lair:2)
  An iguana (D:4)
  7 orc wizards
  A hound skeleton (D:4)
  A howler monkey zombie (D:9)
  Robin (D:4)
  A howler monkey skeleton (D:4)
  2 adders (D:3)
  11 gnolls
  A shadow imp (D:6)
  8 white imps
  2 ufetubi (IceCv)
  An adder skeleton (D:3)
  4 dart slugs (D:1)
  24 orcs
  6 endoplasms
  4 giant cockroaches (D:1)
  18 goblins
  12 hobgoblins
  8 jackals
  2 quokkas
  3 ball pythons
  4 bats
  3 frilled lizards
  26 kobolds
  3 rats (D:1)
356 creatures vanquished.

Vanquished Creatures (collateral kills)
  A water moccasin (Lair:1)
1 creature vanquished.

Vanquished Creatures (others)
  A reaper (IceCv)
  6 white imps (IceCv)
  4 ufetubi (IceCv)
  105 fulminant prisms
  12 fungi
  78 plants
206 creatures vanquished.

Grand Total: 563 creatures vanquished

Notes
Turn   | Place    | Note
-------+----------+-------------------------------------------
     0 | D:1      | wakim the Djinni Conjurer began the quest for the Orb.
     0 | D:1      | Reached XP level 1. HP: 15/15 MP: 0/0
   332 | D:1      | Reached XP level 2. HP: 21/22 MP: 0/0
   394 | D:1      | Reached skill level 1 in Fighting
   693 | D:1      | Found a faded altar of an unknown god.
   750 | D:1      | Reached XP level 3. HP: 20/27 MP: 0/0
   750 | D:1      | Learned a level 1 spell: Animate Skeleton
  1654 | D:2      | Found Vazipt's Distillery.
  2141 | D:3      | Reached XP level 4. HP: 32/33 MP: 0/0
  2318 | D:3      | Found an opulent altar of Gozag.
  2595 | D:3      | Noticed a phantom
  2605 | D:3      | Killed a phantom
  2606 | D:3      | Reached XP level 5. HP: 11/40 MP: 0/0
  2606 | D:3      | Learned a level 2 spell: Call Imp
  3001 | D:3      | Found a glowing silver altar of Zin.
  3114 | D:4      | Noticed Robin
  3118 | D:4      | Killed Robin
  3152 | D:4      | Noticed an ogre
  3324 | D:4      | Reached XP level 6. HP: 24/46 MP: 0/0
  3699 | D:4      | Found a white marble altar of Elyvilon.
  3752 | D:4      | Found a basalt altar of Yredelemnul.
  3827 | D:4      | Noticed a steam dragon
  3855 | D:4      | Reached skill level 5 in Spellcasting
  3964 | D:4      | Killed a steam dragon
  3965 | D:4      | Reached XP level 7. HP: 45/53 MP: 0/0
  3965 | D:4      | Learned a level 3 spell: Lesser Beckoning
  4078 | D:4      | Noticed Edmund
  4092 | D:4      | Killed Edmund
  4395 | D:4      | Reached skill level 5 in Fighting
  4536 | D:4      | Found a runed translucent door.
  4537 | D:4      | Noticed Crazy Yiuf
  4542 | D:4      | Killed Crazy Yiuf
  4696 | D:5      | Entered Level 5 of the Dungeon
  4744 | D:5      | Reached XP level 8. HP: 55/60 MP: 0/0
  5310 | D:5      | Reached skill level 5 in Dodging
  5463 | D:5      | Found a staircase to the Ecumenical Temple.
  5477 | Temple   | Entered the Ecumenical Temple
  5746 | Temple   | Became a worshipper of Nemelex Xobeh the Trickster
  5767 | D:5      | Identified a scroll of acquirement
  5767 | D:5      | Acquired an amulet of reflection
  5770 | D:5      | Noticed Sigmund
  5774 | D:5      | Killed Sigmund
  5775 | D:5      | Reached skill level 1 in Invocations
  5787 | D:5      | Noticed a yak
  5788 | D:5      | Noticed a yak
  5789 | D:5      | Noticed a yak
  5804 | D:5      | Killed a yak
  5804 | D:5      | Killed a yak
  5816 | D:5      | Killed a yak
  5817 | D:5      | Reached XP level 9. HP: 14/67 MP: 0/0
  5817 | D:5      | Learned a level 4 spell: Cause Fear
  6114 | D:5      | Found an ornate altar of the Wu Jian Council.
  6467 | D:6      | Reached skill level 1 in Shields
  6628 | D:6      | Noticed Menkaure
  7049 | D:6      | Killed Menkaure
  8457 | D:7      | Reached * piety under Nemelex Xobeh
  8644 | D:7      | Received a gift from Nemelex Xobeh
  9217 | D:7      | Found a broken altar of Ashenzari.
  9270 | D:8      | You are sucked into a shaft and drop 2 floors!
  9270 | D:10     | Entered Level 10 of the Dungeon
  9327 | D:10     | Found a hide-covered altar of Uskayaw.
  9356 | D:9      | Noticed a kobold demonologist
  9368 | D:9      | Killed a kobold demonologist
  9479 | D:9      | Reached XP level 10. HP: 73/76 MP: 0/0
  9770 | D:9      | Noticed Gastronok
  9826 | D:9      | Killed Gastronok
 10099 | D:9      | Found a staircase to the Lair.
 10164 | D:9      | Reached ** piety under Nemelex Xobeh
 10173 | D:9      | Found Gyupeot's Weapon Boutique.
 10175 | D:9      | Found a staircase to the Orcish Mines.
 10178 | D:9      | Found Ajei's Armour Boutique.
 10293 | D:9      | Received a gift from Nemelex Xobeh
 10414 | D:8      | Found a burning altar of Makhleb.
 10452 | D:8      | Found a shimmering altar of Xom.
 10691 | D:8      | Identified the +0 chain mail "Axyf Nie" {Harm Fly}
 11020 | D:8      | Noticed a two-headed ogre
 11029 | D:8      | Killed a two-headed ogre
 11030 | D:8      | Reached XP level 11. HP: 72/82 MP: 0/0
 11030 | D:8      | Learned a level 5 spell: Summon Forest
 11911 | D:9      | Identified Sif Muna's Papyrus of Orientation
 11958 | D:10     | Received a gift from Nemelex Xobeh
 12118 | D:10     | Noticed a two-headed ogre
 12128 | D:10     | Killed a two-headed ogre
 12232 | D:10     | Found a blossoming altar of Fedhas.
 12232 | D:10     | Reached *** piety under Nemelex Xobeh
 12234 | D:10     | Found a bloodstained altar of Trog.
 12236 | D:10     | Found a shadowy altar of Dithmenos.
 12512 | D:11     | Noticed an eight-headed hydra
 12512 | D:11     | Noticed a boulder beetle
 12524 | D:11     | Noticed a centaur warrior
 12530 | D:11     | Noticed a phantasmal warrior
 12531 | D:11     | Noticed a cyclops
 12550 | D:11     | Noticed an ice dragon
 12555 | D:11     | Noticed a two-headed ogre
 12567 | D:11     | Killed a two-headed ogre
 13171 | D:11     | Noticed Snorg
 13186 | D:11     | Killed Snorg
 13290 | D:11     | Reached skill level 10 in Fighting
 13636 | D:11     | Found a transporter.
 13640 | D:11     | Noticed an orange crystal statue
 13652 | D:11     | Noticed a two-headed ogre
 13660 | D:11     | Killed a two-headed ogre
 13661 | D:11     | Reached skill level 10 in Dodging
 13808 | D:11     | Received a gift from Nemelex Xobeh
 13871 | D:11     | Found a transporter.
 13940 | D:11     | Reached skill level 1 in Evocations
 13941 | D:11     | Reached XP level 12. HP: 65/91 MP: 0/0
 14203 | D:11     | Reached **** piety under Nemelex Xobeh
 14669 | Lair:1   | Entered Level 1 of the Lair of Beasts
 14682 | Lair:1   | Received a gift from Nemelex Xobeh
 15652 | Lair:2   | Received a gift from Nemelex Xobeh
 16174 | Lair:2   | Noticed a death yak
 16180 | Lair:2   | Noticed a death yak
 16195 | Lair:2   | Noticed a death yak
 16637 | Lair:2   | Killed a death yak
 16649 | Lair:2   | Killed a death yak
 16654 | Lair:2   | Killed a death yak
 17323 | Lair:3   | Reached skill level 10 in Spellcasting
 17752 | Lair:3   | Received a gift from Nemelex Xobeh
 17760 | Lair:3   | Reached skill level 5 in Evocations
 18121 | Lair:3   | Reached XP level 13. HP: 80/98 MP: 0/0
 18121 | Lair:3   | Learned a level 5 spell: Bolt of Magma
 18334 | Lair:3   | Found a staircase to the Swamp.
 18684 | Lair:3   | Found a staircase to the Snake Pit.
 19817 | Lair:3   | Received a gift from Nemelex Xobeh
 19819 | Lair:3   | Identified the +2 whip "Demon's Demise" {freeze, Int+5}
 19966 | Lair:3   | Reached ***** piety under Nemelex Xobeh
 20241 | Lair:4   | Received a gift from Nemelex Xobeh
 20781 | Lair:4   | Received a gift from Nemelex Xobeh
 21378 | Lair:4   | Received a gift from Nemelex Xobeh
 21739 | Lair:5   | Received a gift from Nemelex Xobeh
 21760 | Lair:5   | Found a frozen archway.
 21824 | Lair:5   | Identified the +4 pair of gloves of Guarobog {Str+4}
 21853 | IceCv    | Entered an ice cave
 21962 | IceCv    | Killed a reaper
 22749 | IceCv    | HP: 3/99 [something (9)]
 22750 | IceCv    | Engulfed by a cloud of freezing vapour

Illustrated notes

Levels and vault maps discovered:
D:1:      elethiomel_arrival_fortress_basement, layout_loops_ring,
          basic_ecumenical_altar, minmay_heptomino_d4
D:2:      layout_rooms, serial_shops, shop, serial_bayou_lake_a
D:3:      layout_rooms, pdpol_temple_overflow_zin_treasury_gozag_greed
D:4:      kennysheep_the_goblin_king, layout_basic, kennysheep_ying_yang,
          minmay_splitting_lines, uniq_robin, uniq_edmund,
          uniq_crazy_yiuf_cottage
D:5:      layout_loops_ring, marbit_many_paths,
          minmay_temple_entry_stoned_glass, uniq_sigmund
D:6:      layout_cave_pods, corexii_checkpoint_a, kennysheep_boxes,
          uniq_menkaure
D:7:      layout_basic, kennysheep_little_box, serial_co_window_serial,
          co_window_corner_a, co_window_of_opportunity_a, co_window_paths_a,
          co_window_of_opportunity_a, co_window_paths_b, co_window_broadway_c,
          co_window_corner_b, co_window_corner_b, co_window_of_opportunity_b
D:8:      kennysheep_kobold_camp, layout_basic, tgw_xom,
          nicolae_overflow_crystal_walls
D:9:      layout_rooms, led_sif_book, erik_lair_orcish_takeover, orc_david_3,
          uniq_gastronok
D:10:     layout_rooms, grunt_temple_overflow_open, lemuel_crystal_altar
D:11:     gammafunk_sealed_arena, layout_cross, serial_co_window_serial,
          co_window_corner_a, co_window_paths_a, co_window_cross_1,
          co_window_cross_1, co_window_corner_a, co_window_broadway_a,
          co_window_of_opportunity_c, co_window_corner_b, co_window_broadway_a,
          co_window_paths_c, co_window_corner_b, hangedman_decor_growths,
          uniq_snorg
Temple:   compressed_dpeg_triangle_lava_temple
Lair:1:   layout_roguey
Lair:2:   layout_cave_pods, lemuel_fruit_fields
Lair:3:   layout_chaotic_city, skrybe_swamp_entry_bodies,
          guppyfry_snake_entry_garden, serial_bayou_shore_b, grunt_megastairs_5,
          minmay_lair_oklob_chamber
Lair:4:   layout_regular_city
Lair:5:   layout_gridlike, portal_ice_cave_rime
IceCv:    ice_cave_small_demon

Skill      XL: |  1  2  3  4  5  6  7  8  9 10 11 12 13 |
---------------+----------------------------------------+-----
Fighting       | 1 2 3 4 5 6 7 8 10 11 | 11.4
Spellcasting   | 4 5 6 7 8 9 10 | 10.7
Dodging        | 3 4 5 6 8 10 11 | 11.5
Invocations    | 2 4 6 8 9 |  9.4
Shields        | 4 |  4.0
Evocations     | 1 5 8 |  8.0
Stealth        | |  1.5

Action                   |  1- 3 |  4- 6 |  7- 9 | 10-12 | 13-15 || total
-------------------------+-------+-------+-------+-------+-------++-------
Melee: Rapier            |       |       |       |    22 |       ||    22
       Whip              |       |       |       |       |     8 ||     8
 Cast: Magic Dart        |    50 |    23 |    30 |    12 |     3 ||   118
       Searing Ray       |    12 |    17 |    54 |    88 |       ||   171
       Fulminant Prism   |       |     4 |    10 |    63 |    28 ||   105
       Iskenderun's Myst |       |     6 |    16 |    52 |    23 ||    97
       Summon Forest     |       |       |       |     2 |       ||     2
       Cause Fear        |       |       |       |     2 |     3 ||     5
       Lesser Beckoning  |       |       |       |     1 |       ||     1
       Bolt of Magma     |       |       |       |       |    76 ||    76
Invok: Draw Destruction  |       |       |       |     1 |       ||     1
  Use: Scroll            |       |     5 |     7 |    10 |     3 ||    25
       Potion            |       |       |       |       |     1 ||     1
Armor: Robe              |     1 |     3 |     6 |    12 |     1 ||    23
Dodge: Dodged            |     6 |    12 |    21 |    48 |    20 ||   107
Block: Buckler           |       |       |     9 |    40 |    13 ||    62
       Reflection        |       |       |     1 |     9 |     1 ||    11

Table legend: (Time is in decaauts)
 A = Elapsed time spent in this place.
 B = Non-inter-level travel time spent in this place.
 C = Inter-level travel time spent in this place.
 D = Time resting spent in this place.
 E = Time spent auto-exploring this place.
 F = Levels seen in this place.
 G = Mean time per level.
                   A        B        C        D        E       F      G
               +--------+--------+--------+--------+--------+-----+--------+
         Total |  22760 |  22036 |    724 |   1022 |  18698 |  18 | 1264.4 |
       Dungeon |  14396 |  13803 |    593 |    402 |  11853 |  11 | 1308.7 |
        Temple |    280 |    270 |     10 |      0 |    249 |   1 |  280.0 |
          Lair |   7185 |   7065 |    120 |    582 |   5821 |   5 | 1437.0 |
      Ice Cave |    897 |    897 |      0 |     38 |    775 |   1 |  897.0 |
               +--------+--------+--------+--------+--------+-----+--------+

Top non-repeatable levels by time:
  Lair:2: 2515 daAuts
  Lair:3: 2403 daAuts
     D:5: 1920 daAuts
    D:11: 1749 daAuts
  Lair:4: 1546 daAuts
     D:1: 1505 daAuts
     D:8: 1439 daAuts
     D:4: 1384 daAuts
     D:6: 1293 daAuts
    D:10: 1216 daAuts
     D:3: 1158 daAuts
     D:7: 1054 daAuts
     D:9: 1025 daAuts
   IceCv: 897 daAuts
     D:2: 648 daAuts
